 Dungeon Crawl Stone Soup version 0.19-a0-994-g3c636f0 (webtiles) character file.

557 HAL9000 the Cudgeler (level 7, 0/72 HPs)
             Began as an Ogre Hunter on July 17, 2016.
             Slain by Sagrath01's ghost (12 damage)
             ... on level 5 of the Dungeon.
             The game lasted 00:09:42 (5905 turns).

HAL9000 the Cudgeler (Ogre Hunter)                  Turns: 5905, Time: 00:09:43

Health: 0/72       AC:  4    Str: 18    XL:     7   Next: 30%
Magic:  7/7        EV: 11    Int: 10    God:
Gold:   97         SH:  0    Dex: 12    Spells: 0 memorised, 6 levels left

rFire  . . .     SeeInvis .     H - +0 giant spiked club
rCold  . . .     Gourm    .     b - +1 robe
rNeg   . . .     Faith    +     (shield currently unavailable)
rPois  .         Spirit   .     (helmet restricted)
rElec  .         Dismiss  .     (no cloak)
rCorr  .         Reflect  .     (gloves unavailable)
SustAt .         Harm     .     (boots unavailable)
MR     .....                    t - amulet of faith
Stlth  +.........               (no ring)
                                (no ring)

@: not resistant to hostile enchantments, very unstealthy
A: unfitting armour, tough skin 1
a: no special abilities


You were on level 5 of the Dungeon.
You were not hungry.

You visited 2 branches of the dungeon, and saw 6 of its levels.

You collected 97 gold pieces.

Inventory:

Hand Weapons
 H - a +0 giant spiked club (weapon)
Missiles
 c - 5 large rocks (quivered)
 d - 2 throwing nets
Armour
 b - a +1 robe (worn)
Jewellery
 t - an amulet of faith (around neck)
Wands
 C - a wand of digging (12/24)
 G - a wand of slowing (22/48)
Scrolls
 n - a scroll of fog
 p - 3 scrolls of teleportation
 y - 3 scrolls of remove curse
 z - 4 scrolls of identify
 J - a scroll of amnesia {unknown}
Potions
 r - 2 potions of brilliance {unknown}
 s - a potion of agility {unknown}
 v - 2 potions of might {unknown}
 B - a potion of curing
Comestibles
 f - 3 bread rations
 o - a meat ration
 w - 3 royal jellies


   Skills:
 + Level 5.5 Fighting
 * Level 6.5 Maces & Flails
 - Level 4.0 Throwing
 + Level 4.1 Dodging
 - Level 0.7 Stealth


You had 6 spell levels left.
You didn't know any spells.

Dungeon Overview and Level Annotations

Branches:
Dungeon (5/15)             Temple (1/1) D:4

Altars:
Ashenzari
Cheibriados
Dithmenos
Elyvilon
Fedhas
Gozag
Hepliaklqana
Kikubaaqudgha
Makhleb
Nemelex Xobeh
Qazlal
Ru
Uskayaw
Xom
Yredelemnul

Annotations:
D:5 Sagrath01's ghost, novice VSMo


Innate Abilities, Weirdness & Mutations

You are too large for most types of armour.
You have tough skin. (AC +1)


Message History

Sagrath01's ghost hits you! Sagrath01's ghost hits you.
* * * LOW HITPOINT WARNING * * *
You are electrocuted!
* * * LOW HITPOINT WARNING * * *
You barely miss Sagrath01's ghost.
Sagrath01's ghost is heavily damaged.
Sagrath01's ghost barely misses you.
Unknown command.
You closely miss Sagrath01's ghost.
Sagrath01's ghost is heavily damaged.
Sagrath01's ghost barely misses you. Sagrath01's ghost misses you.
Unknown command.
Okay, then.
You feel much better. Sagrath01's ghost hits you.
You are electrocuted!
* * * LOW HITPOINT WARNING * * *
Unknown command.
You closely miss Sagrath01's ghost.
Sagrath01's ghost is heavily damaged.
Sagrath01's ghost hits you!
You die...

#.#####...[.....
#..........#####
#.#####....#
#[.#.# #..#.#
#..#.# #..#.#
#....#######.
##.#.@W...(.(
#.#.###.###. #
#.# #.# #.# ...
#.# #.


You could see Sagrath01's ghost.

Vanquished Creatures
  The ghost of Rationalist the Shield-Bearer, an amateur FoFi (D:4)
  A phantom (D:4)
  A scorpion (D:5)
  A hound (D:4)
  An orc priest (D:5)
  An iguana (D:5)
  2 worker ants
  Robin (D:2)
  4 gnolls (D:5)
  An adder (D:3)
  An ooze (D:2)
  5 worms
  A dart slug (D:2)
  4 orcs
  A ball python (D:2)
  7 bats
  7 giant cockroaches
  14 goblins
  9 hobgoblins
  6 jackals
  3 quokkas
  3 giant newts
  5 kobolds
  A quokka skeleton (D:4)
  6 rats
87 creatures vanquished.

Notes
Turn   | Place    | Note
-------+----------+-------------------------------------------
     0 | D:1      | HAL9000 the Ogre Hunter began the quest for the Orb.
     0 | D:1      | Reached XP level 1. HP: 22/22 MP: 1/1
    88 | D:1      | Reached skill level 1 in Maces & Flails
   171 | D:1      | Reached XP level 2. HP: 17/31 MP: 2/2
   335 | D:1      | Reached skill level 2 in Maces & Flails
   815 | D:2      | Noticed Robin
   828 | D:1      | Reached XP level 3. HP: 18/37 MP: 3/3
  2198 | D:2      | Killed Robin
  2198 | D:2      | Reached XP level 4. HP: 34/48 MP: 4/4
  2850 | D:2      | Reached skill level 3 in Maces & Flails
  3868 | D:3      | Found a stormy altar of Qazlal.
  4138 | D:4      | Found a staircase to the Ecumenical Temple.
  4315 | Temple   | Entered the Ecumenical Temple
  4445 | D:4      | Reached XP level 5. HP: 27/54 MP: 5/5
  4979 | D:4      | Noticed a phantom
  5000 | D:4      | Killed a phantom
  5000 | D:4      | Reached skill level 4 in Maces & Flails
  5000 | D:4      | Reached XP level 6. HP: 38/63 MP: 6/6
  5154 | D:4      | Noticed Rationalist's ghost (amateur FoFi)
  5167 | D:4      | Killed Rationalist's ghost
  5167 | D:4      | Reached skill level 5 in Fighting
  5167 | D:4      | Reached skill level 5 in Maces & Flails
  5511 | D:5      | Entered Level 5 of the Dungeon
  5702 | D:5      | Reached skill level 6 in Maces & Flails
  5702 | D:5      | Reached XP level 7. HP: 61/72 MP: 7/7
  5895 | D:5      | Noticed Sagrath01's ghost (novice VSMo)
  5905 | D:5      | Slain by Sagrath01's ghost

Vault maps used:
D:1:      lemuel_arrival_hallway
D:2:      uniq_robin
D:3:      nicolae_qazlal_general_emergency, first_bread
D:5:      led_sif_book, gup_sewer_entry_pipe
Temple:   zaba_magenta_temple

Skill      XL: |  1  2  3  4  5  6  7 |
---------------+----------------------+-----
Maces & Flails | 1 2 3 4 6 |  6.5
Fighting       | 3 4 5 |  5.5
Dodging        | 2 3 4 |  4.1
Throwing       | |  4.0
Stealth        | |  0.7

Action                   |  1- 3 |  4- 6 |  7- 9 || total
-------------------------+-------+-------+-------++-------
Melee: Mace              |   160 |   190 |       ||   350
       Giant spiked club |       |    13 |    20 ||    33
Throw: Large rock        |     2 |    18 |     4 ||    24
  Use: Scroll            |     5 |     7 |       ||    12
       Potion            |       |     1 |     1 ||     2
 Stab: Sleeping          |       |     1 |       ||     1
  Eat: Chunk             |     4 |     8 |       ||    12
       Fruit             |       |     3 |       ||     3
       Beef jerky        |       |     1 |       ||     1
Armor: Robe              |    80 |    55 |     1 ||   136
Dodge: Dodged            |   129 |   111 |    13 ||   253
